[Event "Rated Rapid game"]
[Site "?"]
[Date "2021.04.17"]
[Round "?"]
[White "Bcsillo"]
[Black "marmayogi"]
[Result "1-0"]
[ECO "C46"]
[WhiteElo "2573"]
[BlackElo "2478"]
[PlyCount "71"]
[EventDate "2021.??.??"]
[EventType "rapid"]
[TimeControl "600"]

1. e4 e5 2. Nf3 Nc6 3. Nc3 Nf6 4. Nxe5 Nxe5 5. d4 Ng6 6. e5 Ng8 7. Bc4 d5 8.
Bxd5 c6 9. Bb3 Bb4 10. O-O Bxc3 11. bxc3 Be6 12. f4 Qd7 13. a4 N8e7 14. c4 Rd8
15. c3 O-O 16. Ba3 Rfe8 17. Qf3 Bg4 18. Qg3 Be6 19. Rf2 Nf5 20. Qf3 Nfh4 21.
Qe4 Bf5 22. Qe3 Be6 23. Qe4 Bf5 24. Qe3 f6 25. g3 Bh3 26. gxh4 Qg4+ 27. Qg3
Qxh4 28. f5 Qxg3+ 29. hxg3 Nxe5 30. dxe5 Rxe5 31. c5+ Kh8 32. Be6 Rd3 33. Kh2
Bg4 34. Raa2 Rd1 35. Rad2 Bf3 36. Rxd1 {Normal} 1-0

[Event "Rated Blitz tournament 1jXrbhSu"]
[Site "?"]
[Date "2021.04.17"]
[Round "?"]
[White "sim13a"]
[Black "Zhigalko_Andrey"]
[Result "1/2-1/2"]
[ECO "C46"]
[WhiteElo "2351"]
[BlackElo "2646"]
[PlyCount "71"]
[EventDate "2021.??.??"]
[EventType "blitz"]
[TimeControl "180+2"]

1. e4 e5 2. Nf3 Nc6 3. Nc3 Nf6 4. Nxe5 Nxe5 5. d4 Nc6 6. d5 Bb4 7. dxc6 bxc6 8.
Bd3 O-O 9. O-O Re8 10. Bg5 h6 11. Bh4 g5 12. Bg3 Bxc3 13. bxc3 Nxe4 14. Qf3 d5
15. Rfe1 Nxg3 16. fxg3 Rxe1+ 17. Rxe1 Be6 18. Qh5 Qf6 19. Rf1 Qg7 20. h4 Re8
21. Kh2 gxh4 22. Qxh4 c5 23. Rf6 c4 24. Be2 Qg5 25. Qd4 c5 26. Qf2 Kg7 27. Rf4
Rc8 28. Bf3 Qe5 29. Qd2 Rd8 30. Rh4 Qg5 31. Qf2 Rc8 32. Rf4 Qe5 33. Qd2 Rh8 34.
Rh4 Qg5 35. Qf2 Rc8 36. Rf4 {Normal} 1/2-1/2

[Event "Rated Blitz tournament 2Vo9xrql"]
[Site "?"]
[Date "2021.04.17"]
[Round "?"]
[White "Crazyrazor"]
[Black "ChrisJunker"]
[Result "1-0"]
[ECO "C46"]
[WhiteElo "2446"]
[BlackElo "2258"]
[PlyCount "139"]
[EventDate "2021.??.??"]
[EventType "blitz"]
[TimeControl "180"]

1. e4 e5 2. Nf3 Nf6 3. Nc3 Nc6 4. Nxe5 Nxe5 5. d4 Nc6 6. e5 Bb4 7. exf6 Qxf6 8.
Be3 d5 9. Be2 Be6 10. a3 Bxc3+ 11. bxc3 O-O 12. O-O Bf5 13. Bd3 Rfe8 14. Rb1 b6
15. Qf3 Bxd3 16. Qxf6 gxf6 17. cxd3 Ne7 18. g4 Kg7 19. Kg2 c6 20. a4 f5 21. h3
Kf6 22. a5 b5 23. Bf4 fxg4 24. hxg4 Ng6 25. Bg3 Re2 26. c4 dxc4 27. dxc4 bxc4
28. Rfc1 Ra2 29. Rxc4 Rxa5 30. Rxc6+ Kg7 31. Rb7 Re8 32. Rcc7 Rf8 33. Rxa7 Rxa7
34. Rxa7 Rd8 35. Be5+ Nxe5 36. dxe5 Kg6 37. Ra6+ Kg5 38. Kg3 Rd3+ 39. f3 Re3
40. Rb6 h5 41. gxh5 Kxh5 42. Kf4 Rc3 43. Rf6 Rc7 44. Kf5 Ra7 45. f4 Rb7 46. Rc6
Ra7 47. Kf6 Kh6 48. f5 Kh7 49. Rc2 Ra6+ 50. e6 fxe6 51. fxe6 Kg8 52. Rc8+ Kh7
53. Kf7 Ra2 54. e7 Rf2+ 55. Ke8 Kg7 56. Rc6 Re2 57. Rd6 Re1 58. Rd2 Kf6 59.
Rf2+ Kg7 60. Rd2 Ra1 61. Kd7 Ra7+ 62. Kd8 Ra8+ 63. Kd7 Ra7+ 64. Ke6 Ra6+ 65.
Rd6 Ra2 66. e8=Q Re2+ 67. Kd7 Re7+ 68. Qxe7+ Kg8 69. Rf6 Kh8 70. Rf8# {Normal}
1-0

[Event "Rated Blitz tournament 4UWbkv6t"]
[Site "?"]
[Date "2021.04.16"]
[Round "?"]
[White "JakeShneiper"]
[Black "Lucky_Tschig"]
[Result "1/2-1/2"]
[ECO "C46"]
[WhiteElo "2229"]
[BlackElo "2615"]
[PlyCount "96"]
[EventDate "2021.??.??"]
[EventType "blitz"]
[TimeControl "180"]

1. e4 e5 2. Nf3 Nc6 3. Nc3 Nf6 4. Nxe5 Nxe5 5. d4 Ng6 6. e5 Bb4 7. exf6 Qxf6 8.
Bc4 O-O 9. O-O c6 10. Ne4 Qd8 11. Bg5 Be7 12. Bxe7 Qxe7 13. Bd3 d5 14. Ng3 Qh4
15. c3 Bg4 16. Qd2 Rae8 17. Rae1 Qf6 18. h3 Bd7 19. Nh5 Qd6 20. Qg5 f6 21. Qd2
Rxe1 22. Rxe1 Re8 23. Ng3 Rxe1+ 24. Qxe1 Nf4 25. Qe3 g6 26. Ne2 Nxd3 27. Qxd3
Kg7 28. Qe3 Qe6 29. Qf3 Be8 30. Kh2 Qe7 31. h4 h6 32. h5 g5 33. Ng3 Bd7 34.
Nf5+ Bxf5 35. Qxf5 Qc7+ 36. g3 Qf7 37. g4 Qe8 38. Kh3 Qf7 39. Qc8 Qe7 40. Qf5
Qf7 41. Qc8 Qe7 42. Qf5 Qe8 43. f3 a6 44. Kg3 Qf7 45. Qc8 Qe7 46. Qf5 Qf7 47.
Qc8 Qe7 48. Qf5 Qf7 {Normal} 1/2-1/2

[Event "Rated Blitz game"]
[Site "?"]
[Date "2021.04.16"]
[Round "?"]
[White "RalphSheldon"]
[Black "DEliaGS"]
[Result "1-0"]
[ECO "C46"]
[WhiteElo "2454"]
[BlackElo "2279"]
[PlyCount "51"]
[EventDate "2021.??.??"]
[EventType "blitz"]
[TimeControl "180+2"]

1. e4 Nf6 2. Nc3 e5 3. Nf3 Nc6 4. Nxe5 Nxe5 5. d4 Ng6 6. e5 Ng8 7. Bc4 d6 8.
Qf3 Qd7 9. O-O dxe5 10. dxe5 Bc5 11. Rd1 Nxe5 12. Re1 f6 13. Qh5+ g6 14. Qh4
Be7 15. Nd5 Qc6 16. Bb5 Qxb5 17. Nxc7+ Kf7 18. Nxb5 Bf5 19. Rxe5 fxe5 20. Qc4+
Be6 21. Qc7 Rc8 22. Nd6+ Kf6 23. Nxc8 Nh6 24. Qxe7+ Kf5 25. g4+ Nxg4 26. Nd6# {
Normal} 1-0

[Event "Rated Blitz tournament T8H75K98"]
[Site "?"]
[Date "2021.04.16"]
[Round "?"]
[White "Crazyrazor"]
[Black "Moskvin_Tolik"]
[Result "1/2-1/2"]
[ECO "C46"]
[WhiteElo "2437"]
[BlackElo "2431"]
[PlyCount "81"]
[EventDate "2021.??.??"]
[EventType "blitz"]
[TimeControl "180"]

1. e4 e5 2. Nf3 Nc6 3. Nc3 Nf6 4. Nxe5 Nxe5 5. d4 Ng6 6. e5 Bb4 7. exf6 Qxf6 8.
Be2 d5 9. O-O c6 10. Bg4 O-O 11. Bxc8 Raxc8 12. Be3 Bd6 13. Qg4 Ne7 14. Qg5
Qxg5 15. Bxg5 Nf5 16. Rad1 Rfe8 17. Rd3 f6 18. Bd2 Rc7 19. Re1 Rce7 20. Rxe7
Rxe7 21. Kf1 h5 22. h3 b5 23. Nd1 Kf7 24. Ne3 Nxe3+ 25. Bxe3 f5 26. Bg5 Re6 27.
h4 g6 28. g3 Ke8 29. f3 Kd7 30. Kf2 a5 31. Bd2 a4 32. b3 axb3 33. cxb3 Bc7 34.
a4 bxa4 35. bxa4 Re8 36. a5 Ra8 37. Ra3 Ra6 38. Bb4 Bd8 39. Ke3 Bc7 40. Kf2 Bd8
41. Kg2 {Normal} 1/2-1/2

[Event "Rated Blitz game"]
[Site "?"]
[Date "2021.04.16"]
[Round "?"]
[White "laNoviadeChucky"]
[Black "Sinscher"]
[Result "0-1"]
[ECO "C46"]
[WhiteElo "2358"]
[BlackElo "2458"]
[PlyCount "52"]
[EventDate "2021.??.??"]
[EventType "blitz"]
[TimeControl "180+2"]

1. e4 e5 2. Nf3 Nc6 3. Nc3 Nf6 4. Nxe5 Nxe5 5. d4 Nc6 6. d5 Bb4 7. dxc6 bxc6 8.
Bd3 d5 9. exd5 O-O 10. O-O cxd5 11. Bg5 c6 12. Qf3 h6 13. Bxf6 Qxf6 14. Qxf6
gxf6 15. Ne2 Re8 16. c3 Bd6 17. Nd4 Bd7 18. Bf5 Be6 19. Rfe1 Bxf5 20. Nxf5 Bf8
21. Re3 Rxe3 22. fxe3 Re8 23. Kf2 Re5 24. g4 h5 25. h3 hxg4 26. hxg4 a5 {
Time forfeit} 0-1

[Event "Rated Blitz game"]
[Site "?"]
[Date "2021.04.16"]
[Round "?"]
[White "brunosten"]
[Black "Babnik"]
[Result "1-0"]
[ECO "C46"]
[WhiteElo "2453"]
[BlackElo "2477"]
[PlyCount "103"]
[EventDate "2021.??.??"]
[EventType "blitz"]
[TimeControl "180"]

1. e4 e5 2. Nf3 Nc6 3. Nc3 Nf6 4. Nxe5 Nxe5 5. d4 Ng6 6. e5 Bb4 7. exf6 Qxf6 8.
Be2 d5 9. O-O c6 10. Nb1 O-O 11. c3 Bd6 12. g3 Bh3 13. Re1 Rae8 14. Be3 Nf4 15.
Bf3 Qg6 16. Bxf4 Bxf4 17. Nd2 h5 18. Rxe8 Rxe8 19. Bxh5 Qg5 20. Nf1 g6 21. Bf3
Kg7 22. Qd3 Rh8 23. Re1 Bd6 24. Bg2 Bxg2 25. Kxg2 Qh5 26. Qf3 Qh3+ 27. Kg1 a5
28. b3 a4 29. c4 dxc4 30. bxc4 Rd8 31. Ne3 Bb4 32. Rd1 Bc3 33. Ng4 Ba5 34. Qf6+
Kg8 35. Ne5 Qf5 36. Qxf5 gxf5 37. f4 f6 38. Nf3 b5 39. cxb5 cxb5 40. Nh4 Rd5
41. Kf2 Bc3 42. Ke3 b4 43. Rd3 a3 44. Nf3 Kf7 45. h4 Kg6 46. Nd2 Kh5 47. Nb1
Be1 48. Kf3 Kg6 49. Nd2 Kh5 50. Ke2 Bxd2 51. Kxd2 Kg4 52. Kc2 {Time forfeit}
1-0

[Event "Rated Blitz game"]
[Site "?"]
[Date "2021.04.15"]
[Round "?"]
[White "xenta_absenta"]
[Black "MONSKY123"]
[Result "1-0"]
[ECO "C46"]
[WhiteElo "2538"]
[BlackElo "2425"]
[PlyCount "131"]
[EventDate "2021.??.??"]
[EventType "blitz"]
[TimeControl "180"]

1. e4 e5 2. Nf3 Nc6 3. Nc3 Nf6 4. Nxe5 Nxe5 5. d4 Ng6 6. e5 Ng8 7. Bc4 b5 8.
Bb3 Bb7 9. O-O b4 10. f4 bxc3 11. f5 N6e7 12. Bxf7+ Kxf7 13. Qh5+ g6 14. fxg6+
Ke6 15. Qg4+ Kd5 16. Qf3+ Kc4 17. Qxb7 Qb8 18. b3+ Kxd4 19. Be3+ Kxe5 20. Bf4+
Ke6 21. Rae1+ Kf6 22. Bxc7+ Kxg6 23. Bxb8 Rxb8 24. Qxb8 Nf6 25. Qg3+ Kf7 26.
Qxc3 Ned5 27. Qc4 Kg7 28. Re5 Ne7 29. Rg5+ Ng6 30. Qd4 Be7 31. Rgf5 Rf8 32. h4
h5 33. Rxh5 d5 34. Rxd5 Rf7 35. h5 Nf8 36. Rg5+ Kh8 37. Qc4 Rh7 38. Rgf5 Kg7
39. Qc3 N8d7 40. Qg3+ Kf8 41. Rg5 Ke8 42. Rg8+ Nxg8 43. Qxg8+ Nf8 44. Rxf8+
Bxf8 45. Qxh7 Bc5+ 46. Kh1 Be7 47. h6 Bf6 48. Qg6+ Ke7 49. h7 Bc3 50. Qg5+ Kd6
51. Qg3+ Be5 52. Qxe5+ Kxe5 53. h8=Q+ Kd5 54. Qb8 Kc6 55. Qxa7 Kb5 56. Qa4+ Kc5
57. Kh2 Kd6 58. g4 Ke5 59. Kg3 Kd6 60. Qc4 Ke5 61. a4 Kd6 62. a5 Ke5 63. a6 Kd6
64. a7 Ke5 65. b4 Kf6 66. b5 {Time forfeit} 1-0

[Event "Rated Blitz game"]
[Site "?"]
[Date "2021.04.15"]
[Round "?"]
[White "Horween"]
[Black "sebsep"]
[Result "0-1"]
[ECO "C46"]
[WhiteElo "2336"]
[BlackElo "2446"]
[PlyCount "58"]
[EventDate "2021.??.??"]
[EventType "blitz"]
[TimeControl "180"]

1. e4 e5 2. Nf3 Nc6 3. Nc3 Nf6 4. Nxe5 Nxe5 5. d4 Ng6 6. e5 Ng8 7. Bc4 d6 8.
Qf3 Be6 9. Qxb7 N8e7 10. Bb5+ c6 11. Bxc6+ Nxc6 12. Qxc6+ Bd7 13. Qd5 dxe5 14.
dxe5 Be6 15. Qc6+ Bd7 16. Qd5 Bb4 17. O-O O-O 18. Rd1 Be6 19. Qe4 Qh4 20. Qxh4
Nxh4 21. Ne4 Rfd8 22. Bg5 Rxd1+ 23. Rxd1 Ng6 24. f4 h6 25. Rd8+ Rxd8 26. Bxd8
Nxf4 27. c3 Bf8 28. g3 Nd3 29. b3 Nxe5 {Normal} 0-1

[Event "Rated Rapid game"]
[Site "?"]
[Date "2021.04.15"]
[Round "?"]
[White "brunosten"]
[Black "EMrahaC"]
[Result "1-0"]
[ECO "C46"]
[WhiteElo "2502"]
[BlackElo "2403"]
[PlyCount "89"]
[EventDate "2021.??.??"]
[EventType "rapid"]
[TimeControl "600"]

1. e4 e5 2. Nf3 Nf6 3. Nc3 Nc6 4. Nxe5 Nxe5 5. d4 Ng6 6. e5 Ng8 7. Bc4 Bb4 8.
Qf3 d5 9. Bxd5 Be6 10. Bxb7 Rb8 11. Bc6+ Kf8 12. a3 Bxc3+ 13. bxc3 N8e7 14. Be4
Bd5 15. O-O Bxe4 16. Qxe4 Qd5 17. Qd3 c5 18. f4 cxd4 19. cxd4 Rc8 20. g3 f5 21.
exf6 Nf5 22. fxg7+ Kxg7 23. Bb2 h5 24. Rfe1 Nxf4 25. gxf4 Kf6 26. Kf2 Rhg8 27.
Rg1 Nh4 28. Raf1 Rg2+ 29. Rxg2 Qxg2+ 30. Ke1 Rxc2 31. d5+ Rxb2 32. Qc3+ Kf5 33.
Qe5+ Kg4 34. Qe6+ Nf5 35. Qg6+ Kh3 36. Qxf5+ Qg4 37. Qxg4+ hxg4 38. f5 Rb1+ 39.
Ke2 Rxf1 40. Kxf1 Kxh2 41. f6 g3 42. f7 g2+ 43. Ke2 g1=Q 44. f8=Q Qg2+ 45. Qf2
{Normal} 1-0

[Event "Rated Rapid game"]
[Site "?"]
[Date "2021.04.15"]
[Round "?"]
[White "EMrahaC"]
[Black "TTV_ItsExalted"]
[Result "0-1"]
[ECO "C46"]
[WhiteElo "2395"]
[BlackElo "2501"]
[PlyCount "30"]
[EventDate "2021.??.??"]
[EventType "rapid"]
[TimeControl "600"]

1. e4 e5 2. Nf3 Nf6 3. Nc3 Nc6 4. Nxe5 Bc5 5. Nxc6 dxc6 6. Be2 h5 7. h3 Qd4 8.
O-O Nxe4 9. Nxe4 Qxe4 10. Bxh5 Qh4 11. Qe2+ Kf8 12. Re1 Bxh3 13. gxh3 Qg3+ 14.
Kf1 Qxh3+ 15. Kg1 Rxh5 {Normal} 0-1

[Event "Rated Blitz game"]
[Site "?"]
[Date "2021.04.15"]
[Round "?"]
[White "xenta_absenta"]
[Black "dmjjmd"]
[Result "1-0"]
[ECO "C46"]
[WhiteElo "2503"]
[BlackElo "2413"]
[PlyCount "93"]
[EventDate "2021.??.??"]
[EventType "blitz"]
[TimeControl "180"]

1. e4 e5 2. Nf3 Nc6 3. Nc3 Nf6 4. Nxe5 Nxe5 5. d4 Nc6 6. d5 Bb4 7. dxc6 bxc6 8.
Bd3 d5 9. exd5 cxd5 10. O-O O-O 11. h3 c6 12. Qf3 h6 13. Ne2 Rb8 14. c4 d4 15.
Ng3 Bd6 16. Nf5 Bxf5 17. Qxf5 Qd7 18. Qf3 c5 19. Bxh6 Rxb2 20. Bg5 Bc7 21. Bxf6
Qd6 22. g3 Qxf6 23. Qxf6 gxf6 24. Rfe1 Be5 25. Reb1 Rfb8 26. Kg2 Kg7 27. Kf3 a5
28. a4 R8b3 29. Ke4 Rxb1 30. Rxb1 Ra3 31. Rb5 Rxa4 32. Rxc5 Ra2 33. f4 Bd6 34.
Rd5 Bb4 35. Rb5 Bf8 36. c5 a4 37. c6 Bd6 38. Kd5 Bc7 39. Rb7 Ra3 40. Kxd4 Bd6
41. c7 Bxc7 42. Rxc7 Ra1 43. Bc4 a3 44. Rxf7+ Kg6 45. Ra7 Rd1+ 46. Bd3+ Kh6 47.
Rh7# {Normal} 1-0

[Event "Rated Blitz game"]
[Site "?"]
[Date "2021.04.14"]
[Round "?"]
[White "iron_bob"]
[Black "Chesscoathxm"]
[Result "1-0"]
[ECO "C46"]
[WhiteElo "2496"]
[BlackElo "2204"]
[PlyCount "33"]
[EventDate "2021.??.??"]
[EventType "blitz"]
[TimeControl "180+2"]

1. e4 e5 2. Nf3 Nc6 3. Nc3 Nf6 4. Nxe5 Nxe5 5. d4 Ng6 6. e5 Ng8 7. Bc4 d5 8.
exd6 Bxd6 9. Qf3 Nf6 10. Bg5 O-O 11. Nd5 Re8+ 12. Kd2 Bg4 13. Qb3 h6 14. Nxf6+
gxf6 15. Bxf7+ Kh7 16. Bxe8 hxg5 17. Qf7+ {Normal} 1-0

[Event "Rated Blitz game"]
[Site "?"]
[Date "2021.04.13"]
[Round "?"]
[White "brunosten"]
[Black "HighPingAbuser"]
[Result "0-1"]
[ECO "C46"]
[WhiteElo "2462"]
[BlackElo "2368"]
[PlyCount "44"]
[EventDate "2021.??.??"]
[EventType "blitz"]
[TimeControl "180"]

1. e4 e5 2. Nf3 Nc6 3. Nc3 Nf6 4. Nxe5 Nxe5 5. d4 Ng6 6. e5 Ng8 7. Bc4 Bb4 8.
Qf3 Qe7 9. O-O Bxc3 10. bxc3 Nh6 11. Bxh6 gxh6 12. Rfe1 O-O 13. g3 d6 14. exd6
Qxd6 15. Qh5 Kg7 16. Re4 Be6 17. Bd3 Bd5 18. Rg4 Rae8 19. f4 Qe7 20. Qe5+ Qxe5
21. fxe5 Bf3 22. Rh4 Nxh4 {Normal} 0-1

[Event "Rated Blitz tournament 1mRlOVH8"]
[Site "?"]
[Date "2021.04.13"]
[Round "?"]
[White "SureDo"]
[Black "d1rector"]
[Result "1/2-1/2"]
[ECO "C46"]
[WhiteElo "2357"]
[BlackElo "2608"]
[PlyCount "160"]
[EventDate "2021.??.??"]
[EventType "blitz"]
[TimeControl "180+2"]

1. e4 e5 2. Nf3 Nc6 3. Nc3 Nf6 4. Nxe5 Nxe5 5. d4 Nc6 6. e5 d6 7. exf6 Qxf6 8.
Nd5 Qd8 9. Be2 g6 10. Be3 Bg7 11. h4 h6 12. Qd2 Ne7 13. Nxe7 Qxe7 14. h5 g5 15.
O-O O-O 16. Rae1 Bd7 17. Bf3 c6 18. Bf4 Qf6 19. Be3 Rae8 20. c3 g4 21. Bd1 Qh4
22. Bxh6 Qxh5 23. Bf4 Bf6 24. Bxd6 Kg7 25. Bxf8+ Rxf8 26. Qf4 Rh8 27. f3 Bg5
28. Qg3 Bh4 29. fxg4 Qh6 30. Qe3 Bxe1 31. Qxh6+ Rxh6 32. Rxe1 Rg6 33. Re7 Rd6
34. Bf3 Kf6 35. Re5 Be6 36. g5+ Kg7 37. b4 b6 38. a3 Bc4 39. Kf2 Be6 40. Ke3
Bc4 41. Kf4 Be6 42. Be4 Bd7 43. g4 Be6 44. Bf5 Bd5 45. Be4 Be6 46. a4 Bd7 47.
a5 Be6 48. axb6 axb6 49. Bf5 Bd5 50. Be4 Be6 51. Ke3 Bxg4 52. Bf3 Be6 53. Kf4
Bd7 54. Ke3 Be6 55. b5 cxb5 56. Rxb5 Bc4 57. Rb4 b5 58. Be2 Bxe2 59. Kxe2 Rd5
60. Kd3 Rxg5 61. c4 Rg3+ 62. Ke4 bxc4 63. Rxc4 Rg4+ 64. Kf5 Rg1 65. Rc6 Rf1+
66. Kg5 Re1 67. Kf5 Rf1+ 68. Kg5 Rd1 69. Rd6 Kf8 70. Kf6 Rf1+ 71. Ke5 Ke7 72.
Ra6 Re1+ 73. Kf5 Rd1 74. Ra7+ Kf8 75. Ra8+ Kg7 76. Ke5 Re1+ 77. Kf5 Rf1+ 78.
Ke5 Re1+ 79. Kf5 Rf1+ 80. Ke5 Re1+ {Normal} 1/2-1/2

[Event "Rated Blitz game"]
[Site "?"]
[Date "2021.04.13"]
[Round "?"]
[White "Salimskyi"]
[Black "teddybear1"]
[Result "0-1"]
[ECO "C46"]
[WhiteElo "2497"]
[BlackElo "2627"]
[PlyCount "142"]
[EventDate "2021.??.??"]
[EventType "blitz"]
[TimeControl "180"]

1. e4 e5 2. Nf3 Nc6 3. Nc3 Nf6 4. Nxe5 Nxe5 5. d4 Ng6 6. e5 Bb4 7. exf6 Qxf6 8.
Be3 d5 9. Qd2 O-O 10. O-O-O Bf5 11. Kb1 Rfe8 12. Nxd5 Bxd2 13. Nxf6+ gxf6 14.
Rxd2 Be4 15. Rg1 Nh4 16. Bd3 Bxg2 17. Bf1 Kh8 18. Bxg2 Rg8 19. Bf4 Nxg2 20. Bg3
Nh4 21. Rdd1 Nf3 22. Rgf1 c6 23. c3 Rae8 24. Rd3 Ng5 25. Re3 Re6 26. Rfe1 Rge8
27. Rxe6 fxe6 28. Kc2 Kg7 29. h4 Nf7 30. Bf4 Kg6 31. Rg1+ Kf5 32. Be3 Nd6 33.
Rg7 h5 34. Kd3 e5 35. c4 Ke6 36. c5 Nf5 37. Rxb7 exd4 38. Bd2 Nxh4 39. Rh7 Nf3
40. Rxh5 Rd8 41. Rh7 Kd5 42. Rxa7 Ne5+ 43. Ke2 Kxc5 44. b4+ Kc4 45. Rc7 d3+ 46.
Ke3 Re8 47. f4 Ng4+ 48. Kf3 f5 49. Rxc6+ Kd4 50. Rc5 Re2 51. Rxf5 Nh6 52. Rh5
Nf7 53. Rh7 Nd6 54. Rd7 Kd5 55. Be3 Rxa2 56. f5 Kc6 57. Rd8 d2 58. Bxd2 Rxd2
59. f6 Rd1 60. f7 Rf1+ 61. Ke2 Rxf7 62. Rh8 Nb5 63. Rh6+ Kd5 64. Rh5+ Kc4 65.
Rc5+ Kxb4 66. Rc8 Nd4+ 67. Ke3 Nb5 68. Ke4 Re7+ 69. Kf5 Nc3 70. Rb8+ Kc5 71.
Kf6 Nd5+ {Time forfeit} 0-1

[Event "Rated Blitz game"]
[Site "?"]
[Date "2021.04.13"]
[Round "?"]
[White "Salimskyi"]
[Black "King_Moaty"]
[Result "1-0"]
[ECO "C46"]
[WhiteElo "2499"]
[BlackElo "2357"]
[PlyCount "101"]
[EventDate "2021.??.??"]
[EventType "blitz"]
[TimeControl "180"]

1. e4 e5 2. Nf3 Nc6 3. Nc3 Nf6 4. Nxe5 Nxe5 5. d4 Nc6 6. d5 Bb4 7. dxc6 Nxe4 8.
Qd4 Bxc3+ 9. bxc3 O-O 10. Be3 Re8 11. cxd7 Qxd7 12. Bd3 Qc6 13. c4 Bf5 14. Qd5
Qg6 15. O-O c6 16. Qa5 b6 17. Qa3 c5 18. Rfe1 Nd6 19. Bf4 Be4 20. Bg3 Bc6 21.
Bf1 Nf5 22. Qc3 Nd4 23. Bd3 Qh5 24. Rxe8+ Rxe8 25. Re1 Rxe1+ 26. Qxe1 Nf3+ 27.
gxf3 Qxf3 28. Kf1 h5 29. h4 g5 30. hxg5 h4 31. Bxh4 Qh3+ 32. Ke2 Qxh4 33. Qg1
Kg7 34. g6 Qh5+ 35. Kd2 fxg6 36. Qg3 Kh6 37. Qc7 Qg5+ 38. Kc3 Qf6+ 39. Kb3 Bf3
40. Qxa7 Bh5 41. Qc7 Qxf2 42. Qe5 Qg1 43. Qh8+ Kg5 44. Qd8+ Kh6 45. Kb2 Qd4+
46. Qxd4 cxd4 47. Be4 Bg4 48. a4 Bf5 49. Bd5 Bd7 50. c5 g5 51. cxb6 {Time
forfeit} 1-0

[Event "Rated Blitz game"]
[Site "?"]
[Date "2021.04.13"]
[Round "?"]
[White "Salimskyi"]
[Black "King_Moaty"]
[Result "1-0"]
[ECO "C46"]
[WhiteElo "2506"]
[BlackElo "2350"]
[PlyCount "127"]
[EventDate "2021.??.??"]
[EventType "blitz"]
[TimeControl "180"]

1. e4 e5 2. Nf3 Nc6 3. Nc3 Nf6 4. Nxe5 Nxe5 5. d4 Nc6 6. d5 Bb4 7. dxc6 Nxe4 8.
Qd4 Bxc3+ 9. bxc3 O-O 10. Be3 d5 11. cxb7 Bxb7 12. Be2 c5 13. Qd3 Qa5 14. O-O
Qxc3 15. Qxc3 Nxc3 16. Bf3 Rac8 17. Bd2 Nb5 18. Rab1 Ba6 19. Be2 c4 20. a4 Na3
21. Rbc1 c3 22. Bxa6 cxd2 23. Rcd1 Rxc2 24. f3 Nc4 25. Rf2 Rc1 26. Rfxd2 Rxd1+
27. Rxd1 Nb2 28. Rd4 Rb8 29. Bb5 g6 30. Rxd5 a6 31. Bxa6 Nxa4 32. h4 Rb6 33.
Bc4 Nb2 34. Be2 h5 35. Kf2 Kg7 36. g4 hxg4 37. fxg4 Rb4 38. h5 Na4 39. Rd7 Nc5
40. Ra7 Ne6 41. Kg3 Rb3+ 42. Kf2 Ng5 43. Bc4 Rc3 44. Bd5 Rh3 45. hxg6 Kxg6 46.
Ra6+ Kg7 47. Bb7 Rd3 48. Bc8 Rf3+ 49. Kg2 Rc3 50. Bf5 Nf3 51. Kf2 Nh4 52. Bd7
Rf3+ 53. Ke2 Rg3 54. Ra7 Ng6 55. Be8 Ne5 56. g5 Rxg5 57. Bb5 Kf6 58. Bd3 Rg2+
59. Ke3 Rg5 60. Ke4 Rg3 61. Ra6+ Kg7 62. Be2 Re3+ 63. Kxe3 Nc4+ 64. Bxc4 {
Normal} 1-0

[Event "Rated Blitz game"]
[Site "?"]
[Date "2021.04.13"]
[Round "?"]
[White "Tazi81"]
[Black "ikey80"]
[Result "0-1"]
[ECO "C46"]
[WhiteElo "2280"]
[BlackElo "2451"]
[PlyCount "96"]
[EventDate "2021.??.??"]
[EventType "blitz"]
[TimeControl "180+2"]

1. e4 e5 2. Nc3 Nc6 3. Nf3 Nf6 4. Nxe5 Nxe5 5. d4 Ng6 6. e5 Ng8 7. Bc4 c6 8.
Qe2 Be7 9. Ne4 f5 10. exf6 Nxf6 11. Nd6+ Kf8 12. Nf7 Qa5+ 13. Bd2 Qh5 14. Nxh8
Qxe2+ 15. Kxe2 Nxh8 16. Rhe1 Ng6 17. Kf1 d5 18. Bd3 Bd6 19. h3 Nf4 20. Bxf4
Bxf4 21. Re2 Bd7 22. Rae1 Bd6 23. c3 Kf7 24. g4 g5 25. b4 a5 26. a3 axb4 27.
axb4 Ra3 28. Rc2 b5 29. f3 h6 30. Bf5 Bg3 31. Re3 Bf4 32. Re1 Bg3 33. Re3 Ra1+
34. Kg2 Bf4 35. Ree2 Rd1 36. Bxd7 Nxd7 37. Ra2 Nf8 38. Ra7+ Kf6 39. Re8 Ne6 40.
Ra6 Rd2+ 41. Kf1 Kf7 42. Rh8 Bg3 43. Rxc6 Nf4 44. Rc7+ Kg6 45. Rg8+ Kf6 46.
Rf8+ Ke6 47. Re8+ Kd6 48. Rh7 Rd1+ {Normal} 0-1

[Event "Rated Blitz game"]
[Site "?"]
[Date "2021.04.12"]
[Round "?"]
[White "LOWpusher_v_LOWberjz"]
[Black "ducati-64"]
[Result "1-0"]
[ECO "C46"]
[WhiteElo "2630"]
[BlackElo "2498"]
[PlyCount "101"]
[EventDate "2021.??.??"]
[EventType "blitz"]
[TimeControl "180"]

1. e4 e5 2. Nf3 Nc6 3. Nc3 Nf6 4. Nxe5 Nxe5 5. d4 d6 6. dxe5 dxe5 7. Qxd8+ Kxd8
8. Bg5 Be6 9. O-O-O+ Bd6 10. f4 Ke7 11. f5 Bd7 12. Nd5+ Ke8 13. Nxf6+ gxf6 14.
Bxf6 Rg8 15. g3 Bc6 16. Bg2 a5 17. Bf3 a4 18. a3 Ra5 19. Rhe1 Rc5 20. g4 b5 21.
c3 Rc4 22. Kb1 Rc5 23. Kc2 Be7 24. Bxe7 Kxe7 25. Kd3 Rc4 26. Ke3 f6 27. h3 h6
28. Rd2 Rd8 29. Rxd8 Kxd8 30. h4 Ke7 31. Rg1 Be8 32. g5 fxg5 33. hxg5 hxg5 34.
Rxg5 Kf6 35. Rg8 Bf7 36. Ra8 c6 37. Rc8 Ke7 38. Rc7+ Kf6 39. Be2 Rc5 40. Kd2
Ba2 41. Bh5 Bb1 42. Ke3 Rc4 43. Bf3 Rc5 44. Rh7 Ba2 45. Be2 Bf7 46. Kf3 Bc4 47.
Bxc4 Rxc4 48. Ke3 c5 49. Rb7 b4 50. Kd3 bxa3 51. bxa3 {Normal} 1-0

[Event "Rated Blitz game"]
[Site "?"]
[Date "2021.04.11"]
[Round "?"]
[White "Silversik"]
[Black "GLeruste"]
[Result "1-0"]
[ECO "C46"]
[WhiteElo "2416"]
[BlackElo "2493"]
[PlyCount "93"]
[EventDate "2021.??.??"]
[EventType "blitz"]
[TimeControl "180"]

1. e4 e5 2. Nf3 Nf6 3. Nc3 Nc6 4. Nxe5 Nxe5 5. d4 Ng6 6. e5 Ng8 7. f4 d6 8. Bd3
Nh6 9. O-O Be7 10. f5 dxe5 11. fxg6 Qxd4+ 12. Kh1 hxg6 13. Nb5 Qb6 14. Bc4 Nf5
15. Rf3 e4 16. Rb3 e3 17. Qf3 Bd7 18. Bxe3 Nxe3 19. Rxe3 O-O-O 20. Nxa7+ Qxa7
21. Rxe7 Rh4 22. h3 Rxc4 23. Qxf7 Qd4 24. Rae1 Rxc2 25. Qxg6 Rd2 26. Rxg7 Bc6
27. Qf7 Qb6 28. b4 Kb8 29. a3 Bd5 30. Qf4 Qc6 31. Qxd2 Rh8 32. Qf2 Rxh3+ 33.
Kg1 Rc3 34. Rge7 b6 35. Re8+ Kb7 36. R8e2 Bc4 37. Re3 Rc2 38. Qxc2 Qb5 39. Qf2
c5 40. Qf3+ Ka6 41. bxc5 Qc6 42. Re6 Qxf3 43. Rxb6+ Ka5 44. gxf3 Ka4 45. Re4
Kxa3 46. Rxc4 Ka2 47. Ra4# {Normal} 1-0

[Event "Rated Blitz tournament eobqkamq"]
[Site "?"]
[Date "2021.04.11"]
[Round "?"]
[White "Starinov"]
[Black "DrawsKing"]
[Result "1/2-1/2"]
[ECO "C46"]
[WhiteElo "2401"]
[BlackElo "2317"]
[PlyCount "91"]
[EventDate "2021.??.??"]
[EventType "blitz"]
[TimeControl "180"]

1. e4 e5 2. Nf3 Nf6 3. Nc3 Nc6 4. Nxe5 Nxe5 5. d4 Ng6 6. e5 Bb4 7. exf6 Bxc3+
8. bxc3 Qxf6 9. g3 O-O 10. Bg2 c6 11. O-O d5 12. a4 Bf5 13. a5 b6 14. Be3 b5
15. a6 Rfe8 16. Qd2 Nf8 17. Bf4 Qg6 18. Ra2 Ne6 19. Be3 Nc7 20. Re1 Re7 21. f3
Rae8 22. Bf2 Rxe1+ 23. Bxe1 Qe6 24. Kf1 Bh3 25. Bxh3 Qxh3+ 26. Kg1 Ne6 27. Bf2
h6 28. Ra1 Ng5 29. Qd3 Qh5 30. Kg2 Qh3+ 31. Kg1 Re6 32. Re1 Rxe1+ 33. Bxe1 Qe6
34. Bf2 Nh3+ 35. Kg2 Nxf2 36. Kxf2 Qh3 37. Kg1 Qc8 38. Qe2 Qe6 39. Qd2 Kf8 40.
Kf2 Qc8 41. Qf4 Qxa6 42. Qb8+ Ke7 43. Qe5+ Kf8 44. Qb8+ Ke7 45. Qe5+ Kf8 46.
Qb8+ {Normal} 1/2-1/2

[Event "Rated Blitz game"]
[Site "?"]
[Date "2021.04.11"]
[Round "?"]
[White "kaithcel30"]
[Black "Riko_Sakurauchi"]
[Result "0-1"]
[ECO "C46"]
[WhiteElo "2296"]
[BlackElo "2416"]
[PlyCount "78"]
[EventDate "2021.??.??"]
[EventType "blitz"]
[TimeControl "180"]

1. e4 e5 2. Nf3 Nf6 3. Nc3 Nc6 4. Nxe5 Nxe5 5. d4 Ng6 6. e5 Ng8 7. Bc4 d5 8.
Bxd5 c6 9. Bb3 Be6 10. O-O N8e7 11. f4 Bxb3 12. axb3 Nf5 13. Ne2 h5 14. c3 Be7
15. Qd3 Qd7 16. Ng3 Nxg3 17. Qxg3 h4 18. Qd3 h3 19. g3 Qg4 20. Be3 Nh4 21. Qe4
Ng2 22. Bf2 O-O 23. c4 a6 24. d5 cxd5 25. cxd5 Rfe8 26. Rfd1 Rad8 27. Bb6 Rd7
28. Rd2 Bd6 29. Qd3 Nxf4 30. Qe3 Bxe5 31. Re1 f6 32. Kh1 Nxd5 33. Qf2 Nxb6 34.
Rxd7 Nxd7 35. Kg1 Bd4 36. Rxe8+ Kf7 37. Re2 Bxf2+ 38. Rxf2 Ne5 39. Kf1 Qd1# {
Normal} 0-1